 Dungeon Crawl Stone Soup version 0.29-a0-88-g03a7b78be7 (webtiles) character file.

Game seed: 9907993375258286378

342 enile the Skirmisher (level 6, 0/56 HPs)
             Began as a Draconian Transmuter on Feb 5, 2022.
             Was an Initiate of Nemelex Xobeh.
             Blown up by Ijyb (22 damage)
             ... with a mindburst bolt
             ... on level 4 of the Dungeon.
             The game lasted 00:08:17 (4587 turns).

enile the Skirmisher (Draconian Transmuter)         Turns: 4587, Time: 00:08:17

Health: 0/56       AC:  2    Str: 13    XL:     6   Next: 30%
Magic:  4/9        EV: 20    Int: 15    God:    Nemelex Xobeh [......]
Gold:   126        SH:  0    Dex: 16    Spells: 5/9 levels left

rFire   . . .      SeeInvis .     - Unarmed
rCold   . . .      Faith    .   (shield currently unavailable)
rNeg    . . .      Spirit   .   (armour unavailable)
rPois   x          Reflect  .   (helmet currently unavailable)
rElec   .          Harm     .   (cloak currently unavailable)
rCorr   .          Rampage  .   (gloves currently unavailable)
Will    .....                   (boots currently unavailable)
Stlth   ++........              (no amulet)
HPRegen 0.18/turn               (no ring)
MPRegen 0.11/turn               (no ring)

@: spider-form
A: venomous fangs, AC +6, tiny, unfitting armour, (cold-blooded)
a: End Transformation, Renounce Religion, Draw Escape, Draw Destruction, Draw
Summoning


You were on level 4 of the Dungeon.
You worshipped Nemelex Xobeh.
Nemelex Xobeh was noncommittal.
You were a venomous arachnid creature.
You visited 1 branch of the dungeon, and saw 4 of its levels.
You also visited: Sewer.

You collected 162 gold pieces.
You spent 36 gold pieces at shops.

Inventory:

Hand Weapons
 c - a +0 short sword
 i - a +2 trident of venom (melded)
 q - a +2 dagger of venom
Missiles
 b - 4 silver boomerangs
 r - 7 poisoned darts
Armour
 m - a +0 cloak (melded)
Magical Staves
 n - a staff of cold
Jewellery
 u - a ring of ice
Wands
 a - a wand of polymorph (9)
 f - a wand of mindburst (11)
Scrolls
 e - 3 scrolls of identify
 j - 2 scrolls of teleportation {unknown}
 l - a scroll of fear
 o - a scroll of blinking
 t - a scroll of fog {unknown}
Potions
 d - 3 potions of curing
 g - a potion of flight {unknown}
 h - a potion of mutation {unknown}
 k - a potion of resistance {unknown}
 p - a potion of invisibility {unknown}
 s - a potion of lignification {unknown}


   Skills:
 - Level 5.0 Fighting
 - Level 3.0 Dodging
 - Level 2.0 Stealth
 - Level 3.0 Unarmed Combat
 - Level 2.0 Spellcasting
 - Level 3.0 Transmutations
 + Level 1.4 Evocations


You had 5 spell levels left.
You knew the following spells:

 Your Spells              Type           Power      Damage    Failure   Level
a - Beastly Appendage     Tmut           20%        N/A       17%         1
b - Spider Form           Tmut/Pois      6%         N/A       56%         3

Your spell library contained the following spells:

 Spells                   Type           Power      Damage    Failure   Level
 Wereblood                Tmut           10%        N/A       24%         2
 Passwall                 Tmut/Erth      5%         N/A       38%         2
 Sandblast                Erth           2%         2d4       43%         1
 Slow                     Hex            4%         N/A       43%         1
 Confusing Touch          Hex            1%         N/A       75%         3
 Stone Arrow              Conj/Erth      2%         3d7       75%         3
 Vampiric Draining        Necr           1%         2d6       75%         3
 Ice Form                 Ice/Tmut       6%         N/A       89%         4


Dungeon Overview and Level Annotations

Branches:
Dungeon (4/15)              Sewer (visited)
 Temple: D:4-7

Altars:
Dithmenos
Nemelex Xobeh

Shops:
D:1 *   D:3 (

Annotations:
D:4 1 runed translucent door, Crazy Yiuf, Ijyb


Innate Abilities, Weirdness & Mutations

You are a venomous arachnid creature.
You have poisonous fangs.
You are tiny and dextrous.
Your spellcasting is less reliable in this form.
Your armour is entirely melded.
You are incapable of wielding weapons or throwing items.
((Your plain brown scales are hard. (AC +6)))
You cannot fit into any form of body armour.
((You are cold-blooded and may be slowed by cold attacks.))


Message History

Ijyb hits you with a +0 club. Ijyb closely misses you.
You hit Ijyb.
Ijyb is moderately wounded.
Ijyb hits you but does no damage. Ijyb hits you with a +0 club!
You hit Ijyb.
Ijyb is moderately wounded.
Ijyb closely misses you. x2
Ijyb is nearby!
You hit Ijyb but do no damage.
Ijyb is heavily wounded.
Ijyb hits you with a +0 club. Ijyb hits you with a +0 club!
Ijyb hits you with a +0 club.
You hit Ijyb.
Ijyb is heavily wounded.
Ijyb hits you with a +0 club! Ijyb closely misses you.
Casting: Beastly Appendage (safe; 6% risk of failure)
Confirm with . or Enter, or press ? or * to list all spells.
You miscast Spider Form.
You are very lightly contaminated with residual magic.
Nothing appears to happen.
Ijyb closely misses you. Ijyb barely misses you.
Ijyb is no longer berserk.
Ijyb zaps a wand.
You barely resist.
Casting: Spider Form (dangerous; 34% risk of failure)
Confirm with . or Enter, or press ? or * to list all spells.
You turn into a venomous arachnid creature.
Your +2 trident of venom melds into your body.
Your +0 cloak melds into your body.
Your +2 trident of venom stops dripping with poison.
Ijyb closely misses you.
Your magical contamination has completely faded away.
You hit Ijyb but do no damage.
Ijyb looks even sicker.
Ijyb is severely wounded.
Ijyb closely misses you.
You barely miss Ijyb.
Ijyb is severely wounded.
You barely miss Ijyb.
Ijyb is severely wounded.
Ijyb zaps a wand.
Your mind is blasted!
You die...
Your body disappears without a glow.

#...######.#.......####### #.#
###........#.#.#.##.##..>..# #.#
......<###.#.#.#.##.##.....###.##
.......# #...#.#...........#.....
.....).###.###.###..##.....#.#.##
###........# #......##.....#.#...
#)..###### ##....#########.####
#...# ####.#### #........ #...#
#....sg.# #.###.### ......
#.##.##.######.###.# # #.##.##.
#.##.##............# # #. #.# .#
#.##....######.#.#.# # # #.. .
#######.# #.#.#.### ######.#
#........ #......# #.###.###
#...#### #.###.# #.# #.....#


You could see Ijyb (very poisoned, slow).

Vanquished Creatures
  Pargi (Sewer)
  A howler monkey (D:3)
  A hound (D:4)
  An orc priest (D:3)
  Jessica (D:1)
  2 orc wizards (D:3)
  An adder skeleton (D:4)
  A worm (D:3)
  2 dart slugs
  7 orcs
  3 ball pythons
  10 bats
  5 endoplasms
  2 giant cockroaches
  4 goblins
  5 hobgoblins
  3 jackals (D:1)
  6 kobolds
  4 quokkas
  2 frilled lizards
  5 rats
67 creatures vanquished.

Notes
Turn   | Place    | Note
-------+----------+-------------------------------------------
     0 | D:1      | enile the Draconian Transmuter began the quest for the Orb.
     0 | D:1      | Reached XP level 1. HP: 16/16 MP: 3/3
   481 | D:1      | Reached skill level 2 in Fighting
   495 | D:1      | Reached XP level 2. HP: 19/24 MP: 3/5
  1147 | D:1      | Reached XP level 3. HP: 27/29 MP: 6/6
  1154 | D:1      | Found Qiuphepu's General Store.
  1180 | D:1      | Bought a potion of curing for 36 gold pieces
  1341 | D:1      | Learned a level 3 spell: Spider Form
  1349 | D:2      | Noticed Jessica
  1363 | D:1      | HP: 1/29 [Jessica/nerve-wracking pain (10)]
  1710 | D:1      | Killed Jessica
  1711 | D:1      | Reached skill level 3 in Fighting
  2227 | D:2      | Reached skill level 1 in Stealth
  2227 | D:2      | Reached XP level 4. HP: 37/38 MP: 7/7
  2857 | D:3      | Found Tuyfre's Weapon Emporium.
  3003 | D:3      | Found a glowing drain.
  3032 | Sewer    | Entered a sewer
  3086 | Sewer    | Noticed Pargi
  3094 | Sewer    | Killed Pargi
  3095 | Sewer    | Reached skill level 4 in Fighting
  3095 | Sewer    | Reached XP level 5. HP: 25/46 MP: 8/8
  3666 | D:3      | Reached skill level 5 in Fighting
  3666 | D:3      | Reached XP level 6. HP: 37/56 MP: 7/9
  3874 | D:3      | Found a sparkling altar of Nemelex Xobeh.
  3879 | D:3      | Found a shadowy altar of Dithmenos.
  4005 | D:3      | Became a worshipper of Nemelex Xobeh the Trickster
  4199 | D:4      | Reached skill level 1 in Evocations
  4295 | D:4      | Found a runed translucent door.
  4296 | D:4      | Noticed Crazy Yiuf
  4564 | D:4      | Noticed Ijyb
  4587 | D:4      | Blown up by Ijyb

Illustrated notes

Levels and vault maps discovered:
D:1:      mrwooster_arrival_statue_3, layout_basic, serial_shops,
          nicolae_shop_crystal
D:2:      layout_basic, minmay_domino_4, uniq_jessica
D:3:      layout_basic, minitemple, serial_shops, shop_statue,
          cheibrodos_sewer_entry_sluice, kennysheep_potato
D:4:      layout_loops_cross, grunt_ministairs_6, uniq_ijyb,
          uniq_crazy_yiuf_cottage

Skill      XL: |  1  2  3  4  5  6 |
---------------+-------------------+-----
Fighting       | 2 3 4 5 |  5.0
Dodging        | 2 3 |  3.0
Transmutations | 3 |  3.0
Stealth        | 1 2 |  2.0
Evocations     | 1 |  1.4
Unarmed Combat | |  3.0
Spellcasting   | |  2.0

Action                   |  1- 3 |  4- 6 || total
-------------------------+-------+-------++-------
Melee: Unarmed           |    42 |    26 ||    68
       Kick              |    14 |     1 ||    15
       Headbutt          |     8 |     5 ||    13
       Short sword       |    41 |     4 ||    45
       Tailslap          |     8 |     5 ||    13
       Trident           |       |    57 ||    57
 Cast: Beastly Appendage |    20 |     4 ||    24
       Spider Form       |     3 |     5 ||     8
Evoke: Wand              |       |     2 ||     2
  Use: Scroll            |     3 |       ||     3
       Potion            |     1 |       ||     1
 Stab: Sleeping          |       |     2 ||     2
Armor: Skin              |    45 |    22 ||    67
Dodge: Dodged            |    84 |    62 ||   146

Table legend: (Time is in decaauts)
 A = Elapsed time spent in this place.
 B = Non-inter-level travel time spent in this place.
 C = Inter-level travel time spent in this place.
 D = Time resting spent in this place.
 E = Time spent auto-exploring this place.
 F = Levels seen in this place.
 G = Mean time per level.
                   A        B        C        D        E       F      G
               +--------+--------+--------+--------+--------+-----+--------+
         Total |   4626 |   4519 |    107 |    279 |   3398 |   5 |  925.2 |
       Dungeon |   4330 |   4223 |    107 |    279 |   3181 |   4 | 1082.5 |
         Sewer |    296 |    296 |      0 |      0 |    217 |   1 |  296.0 |
               +--------+--------+--------+--------+--------+-----+--------+

Top non-repeatable levels by time:
     D:1: 1899 daAuts
     D:3: 1100 daAuts
     D:2: 904 daAuts
     D:4: 426 daAuts
   Sewer: 296 daAuts
